 Dungeon Crawl Stone Soup version 0.20-a0-642-g4ff03ff (console) character file.

1026 nht the Quickloader (level 8, -7/56 HPs)
             Began as a Barachian Hunter on Feb 14, 2017.
             Killed by divine providence
             ... invoked by an orc priest
              (12 damage)
             ... on level 6 of the Dungeon.
             The game lasted 00:06:56 (3748 turns).

nht the Quickloader (Barachian Hunter)              Turns: 3748, Time: 00:06:56

Health: -7/56      AC:  6    Str: 18    XL:     8   Next: 23%
Magic:  8/8        EV: 12    Int:  9    God:
Gold:   261        SH:  0    Dex: 11    Spells: 7/7 levels left

rFire    + + .     SeeInvis .   r - +0 war axe
rCold    + . .     Gourm    .   e - +2 leather armour {rF+}
rNeg     . . .     Faith    .   (no shield)
rPois    +         Spirit   .   (no helmet)
rElec    +         Reflect  .   m - +0 cloak
rCorr    +         Harm     .   (no gloves)
MR       .....                  (no boots)
Stlth    +.........             (no amulet)
Regen    0.2/turn               (no ring)
MPRegen  0.2/turn               (no ring)

@: mighty, resistant, slow
A: swims, slowness 1, strong legs 1
a: Hop


You were on level 6 of the Dungeon.
You were not hungry.

You visited 2 branches of the dungeon, and saw 7 of its levels.
You also visited: Sewer.

You collected 261 gold pieces.

Inventory:

Hand Weapons
 a - a +2 hand crossbow
 k - a +0 hand axe
 r - a +0 war axe (weapon)
 w - a +0 blowgun
Missiles
 l - 10 bolts
Armour
 e - a +2 leather armour of fire resistance (worn)
 m - a +0 cloak (worn)
 n - a +0 plate armour
Wands
 y - a wand of polymorph (3/24)
Scrolls
 j - 2 scrolls of amnesia
 u - a scroll of identify
Potions
 c - 4 potions of heal wounds
 h - 6 potions of curing {unknown}
 o - 2 potions of might
 p - a potion of cancellation
 t - 2 potions of agility {unknown}
 v - 5 potions of brilliance {unknown}
Books
 q - a book of Callings

   Spells                             Type                      Level
   a - Summon Small Mammal            Summoning                    1
   b - Call Imp                       Summoning                    2
   c - Call Canine Familiar           Summoning                    3
   d - Summon Guardian Golem          Hexes/Summoning              3
   e - Summon Lightning Spire         Summoning/Air                4
   f - Summon Ice Beast               Ice/Summoning                4
Comestibles
 b - 2 meat rations
 f - 2 bread rations
 g - 2 chunks of flesh
 i - 3 royal jellies
 s - 2 fruits


   Skills:
 - Level 2.1 Fighting
 + Level 9.3 Crossbows
 - Level 2.0 Dodging
 - Level 1.0 Stealth


You had 7 spell levels left.
You didn't know any spells.

Dungeon Overview and Level Annotations

Branches:
Dungeon (5/15)             Temple (1/1) D:5

Altars:
Dithmenos
Hepliaklqana
Kikubaaqudgha
Makhleb
Ru
Uskayaw
Vehumet
Xom
Zin
The Shining One


Innate Abilities, Weirdness & Mutations

You can swim through water.
You cover ground slowly.
You can hop short distances.


Message History

Unknown command.
You closely miss the orc priest.
The orc priest is heavily wounded.
You slash the ogre!
You kill the ogre!
The orc priest looks encouraged for a moment.
The orc priest barely misses you.
You hit the orc priest.
The orc priest is severely wounded.
The orc priest hits you with a flail.
You closely miss the orc priest.
The orc priest is severely wounded.
The orc priest calls down the wrath of Beogh upon you.
Beogh smites you!
* * * LOW HITPOINT WARNING * * *
You closely miss the orc priest.
The orc priest is severely wounded.
The orc priest mumbles some strange prayers to Beogh against you.
Beogh smites you!
You die...

██... ..h█ .█..
.... ...
....█████..
....[. .. ...█
.█████!
██.██)......
██..)@o.█
██..█.████
█..██...███.
█████............
█......████.███.█
.....█.███ .█
██.██..█ .. .
...██ .█ ..███ .█


You could see an orc priest.

Vanquished Creatures
  Menkaure (D:4)
  2 ogres
  A big kobold (Sewer)
  A howler monkey (D:4)
  2 crimson imps
  3 hounds
  3 orc priests
  An iguana (D:4)
  3 orc wizards (D:4)
  A worker ant (D:4)
  11 adders
  3 gnolls (D:3)
  A shadow imp (D:5)
  An ooze (Sewer)
  An adder skeleton (D:3)
  2 worms
  2 dart slugs
  5 orcs
  2 ball pythons
  6 giant cockroaches
  5 goblins
  10 hobgoblins
  8 jackals
  3 quokkas
  7 bats
  3 frilled lizards
  22 kobolds
  A quokka skeleton (D:4)
  12 rats
123 creatures vanquished.

Notes
Turn   | Place    | Note
-------+----------+-------------------------------------------
     0 | D:1      | nht the Barachian Hunter began the quest for the Orb.
     0 | D:1      | Reached XP level 1. HP: 16/16 MP: 1/1
   114 | D:1      | Reached skill level 4 in Crossbows
   114 | D:1      | Reached XP level 2. HP: 22/22 MP: 2/2
   463 | D:2      | Reached XP level 3. HP: 13/27 MP: 3/3
   709 | D:2      | Reached skill level 5 in Crossbows
   709 | D:2      | Reached XP level 4. HP: 33/33 MP: 4/4
   992 | D:2      | Found a burning altar of Makhleb.
   992 | D:2      | Noticed a green death
   995 | D:2      | Noticed a neqoxec
   995 | D:2      | Noticed a ynoxinul
  1345 | D:3      | Reached XP level 5. HP: 38/38 MP: 5/5
  1740 | D:3      | Reached skill level 6 in Crossbows
  1902 | D:4      | Reached XP level 6. HP: 44/44 MP: 6/6
  2289 | D:4      | Reached skill level 7 in Crossbows
  2656 | D:4      | Noticed Menkaure
  2661 | D:4      | Killed Menkaure
  2661 | D:4      | Reached XP level 7. HP: 50/50 MP: 7/7
  2903 | D:5      | Entered Level 5 of the Dungeon
  2949 | D:5      | Found a staircase to the Ecumenical Temple.
  2953 | Temple   | Entered the Ecumenical Temple
  3175 | D:5      | Reached skill level 8 in Crossbows
  3285 | D:5      | Found a glowing drain.
  3295 | Sewer    | Entered a sewer
  3722 | D:5      | You fall through a shaft!
  3731 | D:6      | Reached XP level 8. HP: 56/56 MP: 8/8
  3741 | D:6      | Reached skill level 9 in Crossbows
  3748 | D:6      | Killed from afar by an orc priest

Vault maps used:
D:1:      nicolae_arrival_memento_mori
D:2:      makhleb_altar_promises_db
D:4:      uniq_menkaure
D:5:      temple_hall_moat, first_bread, portal_sewer_entry_e
D:6:      serial_shops, shop_scrolls, roderic_bipointed_swastika
Temple:   eino_temple_lava
Sewer:    kennysheep_pipe_town

Skill      XL: |  1  2  3  4  5  6  7  8 |
---------------+-------------------------+-----
Crossbows      | 4 5 6 7 8 9 |  9.3
Fighting       | |  2.1
Dodging        | |  2.0
Stealth        | |  1.0

Action                   |  1- 3 |  4- 6 |  7- 9 || total
-------------------------+-------+-------+-------++-------
Melee: War axe           |       |    18 |    43 ||    61
 Fire: Hand crossbow     |    58 |   163 |    83 ||   304
 Abil: Hop               |     1 |       |       ||     1
Evoke: Wand              |       |     1 |       ||     1
  Use: Potion            |     1 |     4 |     3 ||     8
       Scroll            |       |     7 |     1 ||     8
  Eat: Chunk             |       |     6 |     4 ||    10
Armor: Leather armour    |     4 |    29 |    35 ||    68
       Skin              |       |    13 |       ||    13
Dodge: Dodged            |    18 |    59 |    66 ||   143
